 Dungeon Crawl Stone Soup version 0.31-a0-408-gb642c7f9a3 (webtiles) character file.

Game seed: 12649555413980066318

33481 gelatine the Spear-Bearer (level 13, -1/96 HPs)
             Began as a Demonspawn Gladiator on July 29, 2023.
             Slain by a skyshark (6 damage)
             ... on level 3 of the Lair of Beasts.
             The game lasted 00:49:31 (15232 turns).

gelatine the Spear-Bearer (Demonspawn Gladiator)   Turns: 15232, Time: 00:49:31

Health: -1/96      AC: 14    Str: 25    XL:     13   Next: 37%
Magic:  21/21      EV: 14    Int: 16    God:
Gold:   1488       SH:  5    Dex: 14    Spells: 16/22 levels left

rFire   + . .        b - +9 trident "Duwkal" {heavy, Str+3 Int+5}
rCold   . . .        Q - +0 buckler
rNeg    . . .        k - +0 troll leather armour
rPois   .            c - +1 helmet
rElec   .            l - +0 cloak
rCorr   .            z - +1 pair of gloves {Str+3}
SInv    .            J - +1 pair of boots
Will    +....        a - amulet of the acrobat
Stlth   +++          q - ring of protection from fire
HPRegen 1.16/turn    v - ring of willpower
MPRegen 0.17/turn

%: acrobat
@: studying Stealth
A: yellow scales 1, powered by pain 2, spiny 1, demonic touch 1
a: no special abilities


You were on level 3 of the Lair of Beasts.
You visited 3 branches of the dungeon, and saw 15 of its levels.
You also visited: Bailey.

You collected 1680 gold pieces.
You spent 192 gold pieces at shops.

Inventory:

Hand Weapons
 b - the +9 trident "Duwkal" (weapon) {heavy, Str+3 Int+5}
   (You found it on level 4 of the Dungeon)

   Str:       It affects your strength (+3).
   Int:       It affects your intelligence (+5).
 h - a +6 broad axe of electrocution
 p - a +2 heavy war axe
 x - a +5 bardiche of freezing
 F - a +2 vampiric battleaxe
Missiles
 d - 3 throwing nets
 I - a curare-tipped dart
Armour
 c - a +1 helmet (worn)
 k - a +0 troll leather armour (worn)
 l - a +0 cloak (worn)
 w - a +2 robe of positive energy
 y - a +1 pair of gloves
 z - a +1 pair of gloves of strength (worn)
 J - a +1 pair of boots (worn)
 M - +0 steam dragon scales
 O - a +2 robe of cold resistance
 Q - a +0 buckler (worn)
Jewellery
 a - an amulet of the acrobat (around neck)
 q - a ring of protection from fire (left hand)
 v - a ring of willpower (right hand)
 A - a ring of magical power
Talismans
 r - a serpent talisman
 C - a maw talisman
Wands
 e - a wand of mindburst (19)
 H - a wand of paralysis (23)
 V - a wand of polymorph (12)
 W - a wand of roots (16)
 Y - a wand of digging (4)
Scrolls
 f - 6 scrolls of fog
 g - 4 scrolls of teleportation
 i - a scroll of brand weapon
 j - 2 scrolls of amnesia {unknown}
 m - a scroll of summoning
 s - a scroll of enchant weapon
 t - a scroll of fear
 u - a scroll of poison
 D - 2 scrolls of vulnerability
Potions
 n - 3 potions of brilliance
 E - a potion of heal wounds
 G - a potion of invisibility
 L - a potion of lignification
 N - a potion of mutation
 P - 4 potions of enlightenment {unknown}
 S - 2 potions of haste {unknown}
 U - 2 potions of resistance {unknown}
 Z - a potion of might {unknown}


   Skills:
 * Level 7.3 Fighting
 * Level 7.7(10.0) Axes
 + Level 10.0(11.1) Polearms
 + Level 7.0 Throwing
 * Level 5.1 Armour
 * Level 7.3 Dodging
 + Level 5.1 Stealth
 * Level 4.5 Shields
 + Level 1.7 Unarmed Combat
 + Level 5.4 Spellcasting
 + Level 5.1 Conjurations
 + Level 2.2 Air Magic
 + Level 0.1 Poison Magic
 + Level 5.6 Evocations
 + Level 2.0 Shapeshifting


You had 16 spell levels left.
You knew the following spells:

 Your Spells              Type           Power      Damage    Failure   Level
a - Magic Dart            Conj           80%        1d7       2%          1
b - Static Discharge      Conj/Air       32%        2-4/arc   6%          2
c - Mephitic Cloud        Conj/Pois/Air  12%        N/A       21%         3

Your spell library contained the following spells:

 Spells                   Type           Power      Damage    Failure   Level
 Poisonous Vapours        Pois/Air       16%        N/A       19%         2
 Call Imp                 Summ           8%         N/A       28%         2
 Ozocubu's Armour         Ice            4%         N/A       50%         3
 Iskenderun's Battlesphe  Conj           20%        2d7       54%         5
 Airstrike                Air            5%         2d(1-17)  58%         4
 Summon Lightning Spire   Summ/Air       7%         N/A       77%         4
 Fireball                 Conj/Fire      6%         3d5       88%         5
 Freezing Cloud           Conj/Ice/Air   6%         6-21      89%         5
 Metabolic Englaciation   Hex/Ice        2%         N/A       99%         5
 Summon Forest            Summ/Tloc      2%         N/A       99%         5
 Summon Mana Viper        Hex/Summ       4%         N/A       99%         5
 Conjure Ball Lightning   Conj/Air       8%         3x3d6     100%        6
 Eringya's Noxious Bog    Tmut/Pois      2%         4d6       100%        6
 Simulacrum               Ice/Necr       2%         N/A       100%        6
 Summon Cactus Giant      Summ           2%         N/A       100%        6
 Orb of Destruction       Conj           10%        9d6       100%        7
 Summon Hydra             Summ           2%         N/A       100%        7


Dungeon Overview and Level Annotations

Branches:
Dungeon (11/15)            Temple (1/1) D:7            Lair (3/5) D:10
 Bailey (visited)
  Swamp: Lair:2-3    Shoals: Lair:2-3     Snake: Lair:2-3    Spider: Lair:2-3
    Orc: D:9-12

Altars:
Ashenzari
Cheibriados
Dithmenos
Fedhas
Gozag
Hepliaklqana
Kikubaaqudgha
Makhleb
Nemelex Xobeh
Okawaru
Qazlal
Ru
Sif Muna
Trog
Uskayaw
Vehumet
Wu Jian
Xom
Yredelemnul

Shops:
D:9 *


Innate Abilities, Weirdness & Mutations

You are partially covered in yellow scales. (AC +2)
You sometimes gain power by taking damage.
You are partially covered in sharp spines.
Your touch may inflict minor irresistible damage on your foes.


Message History

The skyshark tail-slaps you but does no damage.
The wolf closely misses you. The wolf misses you.
You impale the skyshark!!
The skyshark is moderately wounded.
The skyshark is struck by your spines. The skyshark bites you.
The skyshark tail-slaps you. The skyshark closely misses you.
The wolf closely misses you. The wolf bites you.
The skyshark is struck by your spines.
The skyshark bites you but does no damage.
The skyshark tail-slaps you! The skyshark misses you.
The wolf is struck by your spines. The wolf bites you but does no damage.
The wolf misses you.
You closely miss the wolf.
The wolf is almost dead.
The wolf bites you but does no damage. The wolf closely misses you.
The skyshark is struck by your spines. The skyshark barely misses you.
The skyshark tail-slaps you but does no damage.
The skyshark barely misses you.
Unknown command.
You barely miss the wolf.
The wolf is almost dead.
You block the wolf's attack. The wolf is struck by your spines.
The wolf bites you but does no damage. The skyshark is struck by your spines.
The skyshark completely misses you. The skyshark closely misses you.
The skyshark tail-slaps you! The wolf is struck by your spines.
You kill the wolf!
You block the wolf's attack. The skyshark is struck by your spines.
The skyshark bites you but does no damage.
The skyshark tail-slaps you but does no damage.
The skyshark barely misses you.
You impale the wolf!!
You kill the wolf!
The skyshark is struck by your spines. The skyshark bites you!!
* * * LOW HITPOINT WARNING * * *
The skyshark tail-slaps you.
* * * LOW HITPOINT WARNING * * *
The skyshark misses you. The wolf bites you but does no damage.
The wolf barely misses you. The skyshark misses you.
The skyshark tail-slaps you.
You die...

#....###.#....####P.......
##...# ##....## ##.......
#....# ##....## ##......
#PP..# #.....# #......
#P...# ##...#.# #P.....
##...# #P...### P......
#...# ##...# .... #...#
##h..# .... #...# #@lh.#
##...#####h..#
#.....†###hh.#
##........h..#
#...........#
#............#
##....#......#
#...####....### #...#
##..†..#


You could see a skyshark (berserk) and 6 wolves.

Vanquished Creatures
  An orc warlord (Bailey)
  A hydra (Lair:3)
  7 death yaks
  3 two-headed ogres
  Erica (D:11)
  Lodul (D:11)
  An orc knight (Bailey)
  2 oklob plants (Lair:2)
  An ugly thing (D:11)
  4 cane toads
  A torpor snail (Lair:1)
  A kobold demonologist (D:10)
  A rime drake (Lair:3)
  An unseen horror (D:10)
  5 komodo dragons
  3 trolls (D:9)
  2 hornets (D:9)
  2 polar bears (Lair:2)
  5 blink frogs (Lair:2)
  9 spriggans (D:9)
  A shadow (D:9)
  A wraith (D:10)
  A vampire (D:9)
  9 yaks
  2 wyverns
  A basilisk (Lair:1)
  A fire elemental (Lair:2)
  5 steam dragons
  An acid dragon (D:11)
  8 water moccasins
  11 orc warriors
  An ice beast (D:6)
  2 sky beasts
  A black bear (Lair:2)
  12 ogres
  5 wolves (Lair:3)
  7 centaurs
  3 phantoms
  5 kobold brigands
  5 bullfrogs
  3 scorpions
  14 killer bees
  5 howler monkeys
  2 electric eels (Lair:2)
  4 jellies
  A hound (D:5)
  4 orc priests
  A gnoll bouda (D:9)
  2 iguanas (D:6)
  Natasha (D:2)
  9 orc wizards
  10 gnolls
  6 adders
  A shadow imp (D:6)
  2 white imps
  An ufetubus (D:5)
  2 worms (D:5)
  2 dart slugs
  36 orcs
  13 endoplasms
  4 giant cockroaches
  25 goblins
  13 hobgoblins
  3 jackals (D:5)
  37 kobolds
  A quokka (D:3)
  8 ball pythons
  8 bats
  2 frilled lizards
  3 rats (D:3)
357 creatures vanquished.

Vanquished Creatures (collateral kills)
  A bullfrog (Lair:1)
1 creature vanquished.

Vanquished Creatures (others)
  An orc wizard (D:9)
1 creature vanquished.

Grand Total: 359 creatures vanquished

Notes
Turn   | Place    | Note
-------+----------+-------------------------------------------
     0 | D:1      | gelatine the Demonspawn Gladiator began the quest for the
                  | Orb.
     0 | D:1      | Reached XP level 1. HP: 16/16 MP: 1/1
   398 | D:1      | Gained mutation: You are partially covered in sharp spines.
                  | [demonic ancestry]
   398 | D:1      | Reached XP level 2. HP: 21/22 MP: 2/2
   794 | D:2      | Gained mutation: You are partially covered in yellow
                  | scales. (AC +2) [demonic ancestry]
   794 | D:2      | Reached XP level 3. HP: 27/27 MP: 3/3
   996 | D:2      | Noticed Natasha
  1000 | D:2      | Killed Natasha
  1001 | D:2      | Reached XP level 4. HP: 28/33 MP: 4/4
  1306 | D:2      | Reached skill level 1 in Armour
  1311 | D:2      | Reached XP level 5. HP: 28/39 MP: 5/5
  1569 | D:2      | Learned a level 1 spell: Magic Dart
  2212 | D:3      | Found a faded altar of an unknown god.
  3092 | D:4      | Found a sparkling altar of Nemelex Xobeh.
  3433 | D:4      | Reached XP level 6. HP: 46/46 MP: 6/6
  3634 | D:4      | Identified the +9 trident "Duwkal" {heavy, Str+3 Int+5}
  3690 | D:4      | Found a shadowy altar of Dithmenos.
  3978 | D:5      | Entered Level 5 of the Dungeon
  3984 | D:5      | Reached skill level 1 in Conjurations
  4048 | D:5      | Reached skill level 5 in Axes
  4048 | D:5      | Reached skill level 1 in Spellcasting
  4085 | D:5      | Reached skill level 1 in Polearms
  4095 | D:5      | Gained mutation: Your touch may inflict minor irresistible
                  | damage on your foes. [demonic ancestry]
  4095 | D:5      | Reached XP level 7. HP: 24/52 MP: 0/9
  4185 | D:5      | Reached skill level 1 in Stealth
  4364 | D:5      | Reached skill level 2 in Polearms
  4750 | D:5      | Reached XP level 8. HP: 56/59 MP: 11/11
  4849 | D:5      | Found a snail-covered altar of Cheibriados.
  5100 | D:6      | Reached skill level 1 in Evocations
  5103 | D:6      | Reached skill level 3 in Polearms
  5103 | D:6      | Reached skill level 1 in Shapeshifting
  5329 | D:6      | Found a radiant altar of Vehumet.
  5765 | D:7      | Reached skill level 4 in Polearms
  6235 | D:7      | Found a staircase to the Ecumenical Temple.
  6240 | Temple   | Entered the Ecumenical Temple
  6280 | D:7      | Reached skill level 5 in Polearms
  6280 | D:7      | Gained mutation: You sometimes gain a little power by
                  | taking damage. [demonic ancestry]
  6280 | D:7      | Reached XP level 9. HP: 62/65 MP: 13/13
  6333 | D:7      | Learned a level 2 spell: Static Discharge
  7158 | D:8      | Found an opulent altar of Gozag.
  7227 | D:8      | Reached skill level 6 in Polearms
  7837 | D:9      | Reached skill level 7 in Polearms
  7839 | D:9      | Noticed a troll
  7845 | D:9      | Killed a troll
  7849 | D:9      | Reached XP level 10. HP: 26/73 MP: 16/16
  8022 | D:9      | Noticed an angel
  8024 | D:9      | Found Kudapa's Hallowed Reliquary.
  8052 | D:9      | Paralysed by a hornet for 1 turns
  8284 | D:9      | Reached skill level 1 in Air Magic
  8314 | D:9      | Found a flagged portal.
  8345 | Bailey   | Entered a bailey
  8410 | Bailey   | Reached skill level 5 in Dodging
  8457 | Bailey   | Noticed an orc knight
  8474 | Bailey   | Killed an orc knight
  8475 | Bailey   | Reached skill level 8 in Polearms
  8521 | Bailey   | Reached skill level 5 in Fighting
  8625 | Bailey   | Noticed an orc warlord
  8783 | Bailey   | Killed an orc warlord
  8784 | Bailey   | Reached skill level 1 in Shields
  8942 | D:9      | Reached skill level 9 in Polearms
  8942 | D:9      | Reached skill level 5 in Stealth
  8942 | D:9      | Reached skill level 1 in Unarmed Combat
  8942 | D:9      | Reached skill level 5 in Spellcasting
  8942 | D:9      | Reached XP level 11. HP: 81/81 MP: 18/18
  9220 | D:9      | Paralysed by a hornet for 1 turns
  9404 | D:9      | Noticed a two-headed ogre
  9409 | D:9      | Killed a two-headed ogre
  9410 | D:9      | Reached XP level 12. HP: 47/88 MP: 19/19
  9684 | D:9      | Found a broken altar of Ashenzari.
  9690 | D:9      | Found a sacrificial altar of Ru.
  9793 | D:9      | Bought a potion of curing for 36 gold pieces
  9793 | D:9      | Bought a potion of heal wounds for 60 gold pieces
  9793 | D:9      | Bought a potion of curing for 36 gold pieces
  9793 | D:9      | Bought a potion of heal wounds for 60 gold pieces
  9818 | D:9      | Found an iron altar of Okawaru.
  9923 | D:10     | Entered Level 10 of the Dungeon
 10157 | D:10     | Learned a level 3 spell: Mephitic Cloud
 10325 | D:10     | Found a staircase to the Lair.
 11117 | D:11     | Noticed a two-headed ogre
 11125 | D:11     | Killed a two-headed ogre
 11126 | D:11     | Reached skill level 5 in Throwing
 11214 | D:11     | Noticed Erica
 11226 | D:11     | HP: 4/89 [something/bolt of poison (18)]
 11558 | D:11     | Noticed Lodul
 11638 | D:11     | Killed Lodul
 11681 | D:11     | Killed Erica
 12035 | D:11     | Noticed a two-headed ogre
 12045 | D:11     | Killed a two-headed ogre
 12292 | Lair:1   | Entered Level 1 of the Lair of Beasts
 13582 | Lair:2   | HP: 3/89 [cane toad (14)]
 13586 | Lair:2   | Reached skill level 5 in Evocations
 13623 | Lair:2   | Noticed a death yak
 13633 | Lair:2   | Killed a death yak
 13638 | Lair:2   | HP: 4/89 [torpor snail (17)]
 13757 | Lair:2   | Reached skill level 10 in Polearms
 13787 | Lair:2   | Found a blossoming altar of Fedhas.
 14211 | Lair:2   | Noticed a death yak
 14223 | Lair:2   | Killed a death yak
 14224 | Lair:2   | Gained mutation: You sometimes gain power by taking damage.
                  | [demonic ancestry]
 14224 | Lair:2   | Reached XP level 13. HP: 75/95 MP: 20/20
 14270 | Lair:2   | Reached skill level 5 in Conjurations
 15064 | Lair:3   | Reached skill level 5 in Armour
 15232 | Lair:3   | Slain by a skyshark

Illustrated notes

Levels and vault maps discovered:
D:1:      zaba_arrival_water, layout_basic
D:2:      cheibrodos_fertilizer, layout_basic, uniq_natasha
D:3:      layout_loops_corners, shapermc_ecumenical_altar_mp_ritualfount,
          minmay_surrounded
D:4:      layout_basic, nicolae_dithmenos_through_a_glass_darkly,
          mainiacjoe_overflow_cross_hatched, nicolae_hexahallways,
          amcnicky_mini_rare_corridor_liquid
D:5:      layout_cave_pools, cheibrodos_worm_habitat, serial_park,
          serial_park_gazebo [serial_park_minivault_5x5_5], serial_park_square1
          [serial_park_minivault_5x5_1], serial_park_tiny_pond
D:6:      layout_basic, overflow_temple_1_default, minmay_misc_feat_nine_boxes,
          grunt_ministairs_15
D:7:      layout_basic, temple_doors_e
D:8:      layout_basic, grunt_gozag_breadcrumbs, minmay_manual_mares
D:9:      kb_forest_paths, layout_long_grid, overflow_temple_1_default,
          grunt_temple_overflow_diamond, enter_bailey_5, nicolae_good_shop
D:10:     layout_grid_maze, lair_entry_dummy, kennysheep_windowed_goal
D:11:     layout_basic, uniq_lodul, uniq_erica
Temple:   nicolae_temple_ecumenical_triangle
Lair:1:   layout_layer_cave
Lair:2:   layout_chaotic_city, hangedman_tree_tricks, gammafunk_lair_bear_cave,
          infiniplex_staircase_pool
Lair:3:   layout_long_grid, skrybe_swamp_entry_bodies,
          hellmonk_spider_entry_not_the_bees, ebering_ghost_reflecting_pool

Skill      XL: |  1  2  3  4  5  6  7  8  9 10 11 12 13 |
---------------+----------------------------------------+-----
Dodging        | 3 4 5 6 7 |  7.3
Axes           | 3 4 5 6 7 |  7.7
Armour         | 1 2 3 4 5 |  5.1
Conjurations   | 1 2 3 4 5 |  5.1
Spellcasting   | 1 2 4 5 |  5.4
Fighting       | 3 4 5 6 7 |  7.3
Polearms       | 1 2 5 7 9 10 | 10.0
Stealth        | 1 2 3 5 |  5.1
Throwing       | 2 3 4 7 |  7.0
Evocations     | 1 2 3 5 |  5.6
Shapeshifting  | 1 2 |  2.0
Air Magic      | 2 |  2.2
Shields        | 3 4 |  4.5
Unarmed Combat | 1 |  1.7
Poison Magic   | |  0.1

Action                     |  1- 3 |  4- 6 |  7- 9 | 10-12 | 13-15 || total
---------------------------+-------+-------+-------+-------+-------++-------
  Melee: War axe           |    61 |    75 |       |       |       ||   136
         Trident           |       |    13 |   128 |   280 |    21 ||   442
         Touch             |       |       |    16 |     1 |       ||    17
         Punch             |       |       |     1 |       |       ||     1
         Broad axe         |       |       |       |    74 |    60 ||   134
  Throw: Javelin           |       |     1 |       |       |     4 ||     5
         Boomerang         |       |       |    45 |   144 |       ||   189
   Cast: Magic Dart        |       |    37 |    47 |    74 |    20 ||   178
         Static Discharge  |       |       |     7 |     4 |       ||    11
         Mephitic Cloud    |       |       |       |     3 |       ||     3
Ability: Begin Untransform |       |     1 |       |       |       ||     1
  Evoke: Wand              |       |       |       |     8 |    14 ||    22
    Use: Scroll            |       |       |    11 |    19 |       ||    30
         Potion            |       |       |       |    11 |       ||    11
   Stab: Sleeping          |     1 |       |     2 |     2 |       ||     5
 Armour: Leather armour    |    21 |    30 |       |       |       ||    51
         Robe              |       |     4 |    36 |       |       ||    40
         Steam dragon scal |       |       |    39 |     8 |       ||    47
         Troll leather arm |       |       |       |    70 |    35 ||   105
  Dodge: Dodged            |    53 |    52 |    93 |   222 |   101 ||   521
  Block: Buckler           |       |       |       |    65 |    30 ||    95
   Form: Anaconda          |       |     1 |       |       |       ||     1

Table legend: (Time is in decaauts)
 A = Elapsed time spent in this place.
 B = Non-inter-level travel time spent in this place.
 C = Inter-level travel time spent in this place.
 D = Time resting spent in this place.
 E = Time spent auto-exploring this place.
 F = Levels seen in this place.
 G = Mean time per level.
                   A        B        C        D        E       F      G
               +--------+--------+--------+--------+--------+-----+--------+
         Total |  15566 |  14860 |    706 |      0 |  11683 |  16 |  972.9 |
       Dungeon |  11951 |  11347 |    604 |      0 |   9148 |  11 | 1086.5 |
        Temple |      1 |      1 |      0 |      0 |      0 |   1 |    1.0 |
          Lair |   2997 |   2896 |    101 |      0 |   2232 |   3 |  999.0 |
        Bailey |    616 |    616 |      0 |      0 |    303 |   1 |  616.0 |
               +--------+--------+--------+--------+--------+-----+--------+

Top non-repeatable levels by time:
  Lair:2: 1550 daAuts
     D:9: 1541 daAuts
  Lair:1: 1287 daAuts
    D:11: 1248 daAuts
    D:10: 1186 daAuts
     D:3: 1173 daAuts
     D:7: 1168 daAuts
     D:4: 1165 daAuts
     D:2: 1101 daAuts
     D:5: 978 daAuts
     D:8: 939 daAuts
     D:6: 858 daAuts
  Bailey: 616 daAuts
     D:1: 588 daAuts
  Lair:3: 158 daAuts
